NetSysFire, chaotic female human Barbarian ---- -- |..| .| --..-- .| -------....--..| -- --.|.|.........- . |.............-- . |...).......-.| . -.(...........---- -.- --..............-- |.| |..)......))....| --- |.| ---.......---....-| --.----.| -- --------- --I%......-- |.....| |...--..| -.-- -..............%.....| ---..-----..[...--...| ---------.-...>.--- |....--...........- -........--- ----.............-- .%.|........- |.............| |.. --........| ---....---.<..| --- --......-- |..--- --..-- ----.--- ---- |..| --- ---- NetSysFire the Barbarian Experience level: 7 Strength: 18/04 Dexterity: 15 Constitution: 19 Intelligence: 7 Wisdom: 8 Charisma: 6 Health: 0(83) Energy: 20(20) Def: 11 Gold: 57 Moves: 2628 Dungeon seed [set]: Game ID: NetSysFire_1687864603 Your Inventory: Coins $ - 57 gold pieces Weapons a - a blessed +0 two-handed sword (weapon in hands) t - a blessed +1 axe Armor y - an uncursed +1 dwarvish cloak (being worn) z - an uncursed +0 dwarvish iron helm (being worn) N - an uncursed +0 dwarvish mithril-coat (being worn) Y - an uncursed +0 pair of iron shoes (being worn) Comestibles c - 3 uncursed food rations B - an uncursed melon C - an uncursed candy bar I - an uncursed lizard corpse M - an uncursed lichen corpse Scrolls U - a blessed scroll of blank paper Spellbooks i - an uncursed spellbook of remove curse G - an uncursed spellbook of force bolt Rings k - a blessed +2 ring of gain strength (on left hand) T - an uncursed ring of shock resistance Wands d - an uncursed wand of create monster (0:10) l - an uncursed wand of cancellation (0:7) n - a blessed wand of light (0:10) s - an uncursed wand of striking (0:3) F - an uncursed wand of secret door detection (0:13) L - an uncursed wand of secret door detection (0:14) Tools p - an uncursed silver key w - an uncursed tooled horn x - an uncursed towel D - an uncursed +0 pick-axe (alternate weapon; not wielded) Gems e - an uncursed emerald q - an uncursed worthless piece of blue glass r - 3 uncursed worthless pieces of yellowish brown glass E - an uncursed ruby O - an uncursed worthless piece of white glass P - a cursed touchstone R - an uncursed jacinth W - an uncursed worthless piece of green glass Spells and supernatural/magical abilities: Name Level Category Fail Memory W - pray for help -- divine ? -- Your skills at the end: Miscellaneous Skills bare handed combat [Basic] Weapon Skills axe [Basic] two-handed sword [Skilled] Spellcasting Skills Final Attributes: You were piously aligned. You were poison resistant. You could teleport. You were fast. You are dead. Vanquished creatures: a large dog 2 tengu a winter wolf cub a lizard a gnome king a werewolf a raven a soldier ant 2 fire ants a rock mole a fog cloud 8 gnome lords 3 gnomish wizards a gray ooze 4 giant ants 2 floating eyes 11 dwarves a kobold lord an iguana 4 rothes a centipede a jitterbug 2 giant bats a monkey 2 dwarf zombies 4 killer bees a coyote a gas spore 3 hobbits 2 large kobolds 2 geckos a hobgoblin a brown mold 3 yellow molds 31 gnomes 3 jackals 5 newts a goblin 4 sewer rats 3 grid bugs 4 bats 3 lichens a kobold zombie 128 creatures vanquished. Voluntary challenges: You did not cause conflict. You did not have reflection. You were not displaced. You were an atheist. You used a wielded weapon 160 times, starting on turn 51. You did not apply a unicorn horn. You did not use sinks. You read items or engraved 7 times, starting on turn 426. You never genocided any monsters. You never polymorphed an object. You never changed form. You used no wishes. You did not use any artifacts. You never split a pudding. You never wrote Elbereth's name. You never violated your personal moral code. Dungeon overview: The Dungeons of Doom: levels 1 to 3 Level 1 a bench a long staircase Level 2 a general store Level 3 a shop stairs to The Gnomish Mines The Gnomish Mines: levels 4 to 8 Level 4 stairs to The Dungeons of Doom Level 5 Level 6 Level 7 a general store, a temple to an unknown god, some fountains Level 8 <- You were here History has recorded: On T:1 you entered the Dungeons of Doom to retrieve the Amulet of Yendor! On T:19 you reached level 2 of The Dungeons of Doom. On T:73 you unlocked the Ranger role by using stairs. On T:480 you advanced to experience level 2. On T:544 you reached level 3 of The Dungeons of Doom. On T:639 you advanced to experience level 3. On T:840 you reached level 1 of The Gnomish Mines. On T:840 you unlocked the Rogue role by using long stairs. On T:863 you advanced to experience level 4. On T:897 you advanced to experience level 5. On T:1451 you reached level 2 of The Gnomish Mines. On T:1544 you advanced to experience level 6. On T:1941 you unlocked the Caveman role by digging. On T:1948 you reached level 3 of The Gnomish Mines. On T:2047 you advanced to experience level 7. On T:2094 you reached level 4 of The Gnomish Mines. On T:2496 you reached level 5 of The Gnomish Mines. Score breakdown: Gold: 57 ( 5 points) Experience: 7 levels ( 600 points) Exploration: 8 levels ( 210 points) Discoveries: 30 items ( 1500 points) Variety of kills: 43 monsters ( 2000 points) Major goal: (nothing yet) ( 0 points) Survival: died (score multiplied by 3) Total score: 12945 Latest messages: This scroll seems to be blank. You kill the gnome! There are a few objects here. The dwarf wields a pick-axe! You smite the dwarf! You kill the dwarf! You smite the gnome lord! The gnome lord punches you! You kill the gnome lord! There are a few objects here. V - an icy potion. W - a green gem. You suddenly fall asleep! Something bites! (7x) Something just misses! Something bites! (2x) Something misses. Something bites! You die... Final status: Goodbye NetSysFire the Barbarian, killed by a wolf, while sleeping... You died in The Gnomish Mines on dungeon level 8 with 12945 points, and 57 pieces of gold, after 2628 moves. You were level 7 with a maximum of 83 hit points when you died.